 Dungeon Crawl Stone Soup version 0.19-a0-1223-gf83d13a (webtiles) character file.

111 Geppetto the Sneak (level 5, -7/38 HPs)
             Began as a Human Assassin on Aug 24, 2016.
             Killed by divine providence
             ... invoked by an orc priest
              (13 damage)
             ... on level 3 of the Dungeon.
             The game lasted 00:05:28 (2284 turns).

Geppetto the Sneak (Human Assassin)                 Turns: 2284, Time: 00:05:28

Health: -7/38      AC:  5    Str: 17    XL:     5   Next: 15%
Magic:  5/5        EV: 12    Int: 11    God:
Gold:   35         SH:  0    Dex: 15    Spells: 0 memorised, 4 levels left

rFire  . . .     SeeInvis .     a - +2 dagger
rCold  . . .     Gourm    .     c - +0 robe
rNeg   . . .     Faith    .     (no shield)
rPois  .         Spirit   .     j - +0 helmet
rElec  .         Dismiss  .     d - +1 cloak
rCorr  .         Reflect  .     (no gloves)
MR     .....     Harm     .     (no boots)
Stlth  +++.......               (no amulet)
                                (no ring)
                                (no ring)

@: mighty
A: no striking features
a: no special abilities


You were on level 3 of the Dungeon.
You were hungry.

You visited 1 branch of the dungeon, and saw 3 of its levels.

You collected 35 gold pieces.

Inventory:

Hand Weapons
 a - a +2 dagger (weapon)
 b - a +0 blowgun
Missiles
 e - 17 poisoned needles
 f - 2 curare-tipped needles
 l - 3 needles of confusion
Armour
 c - a +0 robe (worn)
 d - a +1 cloak (worn)
 j - a +0 helmet (worn)
Scrolls
 n - a scroll of identify
Potions
 o - a potion of brilliance {unknown}
 p - a potion of resistance {unknown}
Comestibles
 g - 2 bread rations
 i - a chunk of flesh
 m - a meat ration


   Skills:
 - Level 2.0 Fighting
 + Level 3.1 Short Blades
 - Level 2.0 Throwing
 - Level 1.0 Dodging
 * Level 5.8 Stealth


You had 4 spell levels left.
You didn't know any spells.

Dungeon Overview and Level Annotations

Branches:
Dungeon (3/15)

Altars:
Zin


Message History

The orc priest hits you with a short sword.
* * * LOW HITPOINT WARNING * * *
You hit the orc priest but do no damage.
The orc priest is heavily wounded.
The orc hits you with a falchion.
* * * LOW HITPOINT WARNING * * *
You hit the orc priest but do no damage.
The orc priest is heavily wounded.
The orc priest closely misses you.
It was a potion of might.
You feel very mighty all of a sudden. The orc priest misses you.
The orc misses you.
You hit the orc priest but do no damage.
The orc priest is heavily wounded.
The orc priest barely misses you. The orc barely misses you.
You closely miss the orc priest.
The orc priest is heavily wounded.
The orc priest mumbles some strange prayers to Beogh against you.
Beogh smites you!
You die...

#.# #.# #....# #.#### #....#
###....# #....#
....##.###...#....# ####
.#####.##....+>...+ ....## .#
#.##....#....# #.#..# .#
#.##....#.o..# #.##.#
.#####.##....#)o@.# #.##.#
........#....#.######.##.#######.
....##..#....#..oo.o.o........†..
....##..#......)#####.###.#####..
....)...#.#.....# #.# #..# .
....##..#.#.....# #.# ##.#
###.###.#.#.....#####.# .#
#.....#.#####.......# ..
###.....# #.......# #..


You could see an orc priest and an orc.

Vanquished Creatures
  Jessica (D:2)
  2 adders (D:2)
  3 worms (D:2)
  A dart slug (D:2)
  A giant gecko (D:2)
  3 orcs (D:3)
  10 giant cockroaches (D:2)
  4 goblins (D:2)
  2 hobgoblins (D:2)
  5 jackals (D:2)
  3 kobolds (D:2)
  3 quokkas (D:2)
  4 bats (D:2)
  2 giant newts (D:2)
  6 rats (D:2)
50 creatures vanquished.

Notes
Turn   | Place    | Note
-------+----------+-------------------------------------------
     0 | D:1      | Geppetto the Human Assassin began the quest for the Orb.
     0 | D:1      | Reached XP level 1. HP: 16/16 MP: 1/1
    17 | D:1      | You fall through a shaft!
   221 | D:2      | Reached XP level 2. HP: 9/22 MP: 2/2
   500 | D:2      | Reached XP level 3. HP: 21/27 MP: 3/3
   927 | D:2      | Reached skill level 5 in Stealth
  1114 | D:2      | Reached XP level 4. HP: 32/33 MP: 4/4
  1537 | D:2      | Noticed Jessica
  1553 | D:2      | HP: 1/33 [Jessica/nerve-wracking pain (13)]
  1554 | D:2      | Killed Jessica
  1554 | D:2      | Reached XP level 5. HP: 2/38 MP: 5/5
  1939 | D:2      | Found a glowing silver altar of Zin.
  2171 | D:3      | Found a faded altar of an unknown god.
  2284 | D:3      | Killed from afar by an orc priest

Vault maps used:
D:1:      elethiomel_arrival_shortcut
D:2:      minmay_roachtagon, lemuel_crystal_altar,
          corexii_item_surrounded_by_moat, uniq_jessica
D:3:      evilmike_ruin_ashenzari, ecumenical_altar_1

Skill      XL: |  1  2  3  4 |
---------------+-------------+-----
Stealth        | 5 |  5.8
Short Blades   | 3 |  3.1
Fighting       | |  2.0
Throwing       | |  2.0
Dodging        | |  1.0

Action                   |  1- 3 |  4- 6 || total
-------------------------+-------+-------++-------
Melee: Dagger            |   129 |   119 ||   248
 Fire: Blowgun           |    15 |     1 ||    16
  Use: Scroll            |       |     4 ||     4
       Potion            |       |     2 ||     2
 Stab: Sleeping          |     4 |       ||     4
  Eat: Chunk             |     1 |     3 ||     4
Armor: Robe              |    27 |    33 ||    60
Dodge: Dodged            |    84 |    71 ||   155
